 Dungeon Crawl Stone Soup version 0.30-a0-847-g17996783a1 (webtiles) character file.

Game seed: 17027156890495381355

2835 Darius099 the Severer (level 9, -1/70 HPs)
             Began as a Minotaur Fighter on Mar 3, 2023.
             Was a Believer of Okawaru.
             Slain by a wyvern (7 damage)
             ... on level 8 of the Dungeon.
             The game lasted 00:19:49 (6719 turns).

Darius099 the Severer (Minotaur Fighter)            Turns: 6719, Time: 00:19:49

Health: -1/70      AC: 16    Str: 24    XL:     9   Next: 45%
Magic:  8/8        EV:  5    Int:  5    God:    Okawaru [**....]
Gold:   541        SH:  8    Dex: 11    Spells: 8/8 levels left

rFire   . . .      SeeInvis .    a - +0 war axe
rCold   . . .      Faith    .    t - +0 kite shield
rNeg    . . .      Spirit   .    C - +0 plate armour
rPois   .          Reflect  .    (helmet restricted)
rElec   .          Rampage  .    (no cloak)
rCorr   .                        (no gloves)
Will    +....                    m - +0 pair of boots Stlth
                                 e - amulet of the acrobat
HPRegen 0.31/turn                j - +4 ring of protection
MPRegen 0.11/turn                o - ring of willpower

@: no status effects
A: horns 2, retaliatory headbutt
a: Renounce Religion, Heroism


You were on level 8 of the Dungeon.
You worshipped Okawaru.
Okawaru was pleased with you.
You visited 2 branches of the dungeon, and saw 9 of its levels.

You collected 541 gold pieces.

Inventory:

Hand Weapons
 a - a +0 war axe (weapon)
Missiles
 p - 38 stones
 s - 11 poisoned darts (quivered)
 D - 4 javelins
 G - 6 boomerangs
Armour
 m - a +0 pair of boots (worn)
 t - a +0 kite shield (worn)
 C - a +0 plate armour (worn)
Jewellery
 e - an amulet of the acrobat (around neck)
 j - a +4 ring of protection (left hand)
 o - a ring of willpower (right hand)
 u - a +5 ring of evasion
 H - a ring of flight
Wands
 A - a wand of iceblast (9)
 J - a wand of flame (9)
 L - a wand of paralysis (13)
Scrolls
 b - 2 scrolls of amnesia {unknown}
 c - a scroll of poison {unknown}
 f - 9 scrolls of identify {unknown}
 g - 8 scrolls of teleportation {unknown}
 i - a scroll of fog {unknown}
 k - 2 scrolls of fear {unknown}
 r - 3 scrolls of enchant weapon {unknown}
 y - a scroll of vulnerability {unknown}
 B - 2 scrolls of silence {unknown}
 F - 2 scrolls of noise {unknown}
Potions
 d - 2 potions of might
 h - 5 potions of curing
 l - 2 potions of mutation {unknown}
 n - 4 potions of lignification {unknown}
 q - 2 potions of magic {unknown}
 v - 4 potions of attraction {unknown}
 w - a potion of ambrosia {unknown}
 x - 3 potions of heal wounds {unknown}
 z - a potion of cancellation {unknown}
 E - a potion of brilliance {unknown}
 I - a potion of resistance {unknown}
 K - a potion of haste {unknown}


   Skills:
 - Level 3.6 Fighting
 + Level 15.4 Axes
 - Level 3.6 Armour
 - Level 3.6 Shields


You had 8 spell levels left.
You didn't know any spells.
Your spell library contained the following spells:

 Spells                   Type           Power      Damage    Failure   Level
 Apportation              Tloc           0%         N/A       100%        1
 Necrotise                Necr           0%         1d4       100%        1
 Lesser Beckoning         Tloc           0%         N/A       100%        2
 Gell's Gravitas          Tloc           0%         N/A       100%        3
 Ignite Poison            Fire/Tmut/Pois 0%         N/A       100%        3
 Teleport Other           Tloc           0%         N/A       100%        3
 Vampiric Draining        Necr           0%         2d6       100%        3
 Sticky Flame             Conj/Fire      0%         2d3       100%        4
 Agony                    Necr           0%         N/A       100%        5
 Ignition                 Fire           0%         3d3       100%        8
 Summon Small Mammal      Summ           Unusable   N/A       N/A         1
 Call Canine Familiar     Summ           Unusable   N/A       N/A         3
 Summon Guardian Golem    Hex/Summ       Unusable   N/A       N/A         3

Dungeon Overview and Level Annotations

Branches:
Dungeon (8/15)             Temple (1/1) D:5
   Lair: D:8-11

Altars:
Ashenzari
Dithmenos
Elyvilon
Fedhas
Gozag
Hepliaklqana
Kikubaaqudgha
Makhleb
Nemelex Xobeh
Okawaru
Ru
Sif Muna
Trog
Vehumet
Wu Jian
Xom
Yredelemnul
Zin

Shops:
D:3 [

Annotations:
D:3 3 runed translucent doors, cforsyth's ghost, amateur KoBr


Innate Abilities, Weirdness & Mutations

You have a pair of horns on your head.
You reflexively headbutt those who attack you in melee.


Message History

You now have 541 gold pieces (gained 11).
v - 4 amethyst potions (gained 1)
You hear the steady creaking of a distant portcullis.
A wyvern comes into view.
The wyvern hisses angrily.
Found an escape hatch in the ceiling.
The wyvern bites you but does no damage.
The wyvern completely misses you.
You hit the wyvern.
The wyvern is lightly wounded.
The wyvern bites you.
You completely miss the wyvern. Your headbutt misses the wyvern.
The wyvern is lightly wounded.
The wyvern bites you!
You hit the wyvern.
The wyvern is moderately wounded.
The wyvern barely misses you. The wyvern bites you!
You closely miss the wyvern. You headbutt the wyvern.
The wyvern is heavily wounded.
The wyvern bites you!
You hit the wyvern but do no damage.
The wyvern is moderately wounded.
The wyvern bites you!
* * * LOW HITPOINT WARNING * * *
You closely miss the wyvern.
The wyvern is moderately wounded.
The wyvern bites you.
* * * LOW HITPOINT WARNING * * *
You block the wyvern's attack.
It was a potion of curing.
You feel better. The wyvern bites you!
* * * LOW HITPOINT WARNING * * *
You hit the wyvern but do no damage.
The wyvern is moderately wounded.
The wyvern bites you but does no damage.
The wyvern closely misses you. You furiously retaliate!
You headbutt the wyvern! You hit the wyvern. You headbutt the wyvern.
The wyvern is almost dead.
The wyvern bites you!
You die...

....# ..#...#...#..
#....###.....###...
#............).....
#..................
#..................
##....###....)###...
.<###....#...#...#†..#..
.........#...#...#...#..
#.l@.#...#...#...#..
#####.....###.....##
#...............)))
#..................
#...............)).
######.....###...).##
......#...#...#...#..
.........#...#...#...#..
..# .....#...#...#...#..


You could see a wyvern.

Vanquished Creatures
  Edmund (D:5)
  2 orc warriors (D:8)
  2 ice beasts
  An ogre (D:4)
  A centaur (D:8)
  2 phantoms (D:5)
  2 kobold brigands
  A gnoll sergeant (D:6)
  4 scorpions
  8 wights
  4 howler monkeys
  5 hounds
  3 jellies
  6 orc priests
  A sleepcap (D:4)
  6 iguanas
  7 orc wizards
  Robin (D:2)
  8 gnolls
  6 adders
  A shadow imp (D:5)
  3 white imps
  2 worms
  A dart slug (D:5)
  19 orcs
  3 endoplasms
  A giant cockroach (D:1)
  17 goblins
  7 hobgoblins
  15 kobolds
  4 quokkas
  7 ball pythons
  A bat (D:1)
  4 frilled lizards
  4 rats
160 creatures vanquished.

Vanquished Creatures (others)
  8 plants (D:1)
8 creatures vanquished.

Grand Total: 168 creatures vanquished

Notes
Turn   | Place    | Note
-------+----------+-------------------------------------------
     0 | D:1      | Darius099 the Minotaur Fighter began the quest for the Orb.
     0 | D:1      | Reached XP level 1. HP: 19/19 MP: 0/0
   191 | D:1      | Found a faded altar of an unknown god.
   393 | D:1      | Reached skill level 3 in Axes
   526 | D:1      | Reached XP level 2. HP: 26/26 MP: 1/1
   772 | D:1      | Reached skill level 4 in Axes
  1114 | D:2      | Reached XP level 3. HP: 30/31 MP: 2/2
  1337 | D:2      | Noticed Robin
  1348 | D:2      | Reached skill level 5 in Axes
  1356 | D:2      | Killed Robin
  1357 | D:2      | Reached XP level 4. HP: 30/39 MP: 3/3
  1437 | D:2      | Found a shadowy altar of Dithmenos.
  1930 | D:3      | Found a runed translucent gate.
  1930 | D:3      | Found a runed translucent gate.
  1931 | D:3      | Found a runed translucent gate.
  1938 | D:3      | Noticed cforsyth's ghost (amateur KoBr)
  2345 | D:3      | Found Betyohum's Armour Emporium.
  2405 | D:3      | Reached skill level 6 in Axes
  2965 | D:4      | Noticed an ogre
  2981 | D:4      | Killed an ogre
  2982 | D:4      | Reached skill level 7 in Axes
  2982 | D:4      | Reached XP level 5. HP: 40/45 MP: 4/4
  3477 | D:4      | Reached XP level 6. HP: 51/51 MP: 5/5
  3639 | D:5      | Entered Level 5 of the Dungeon
  3656 | D:5      | Reached skill level 8 in Axes
  3698 | D:5      | Noticed Edmund
  3711 | D:5      | Killed Edmund
  3746 | D:5      | Reached skill level 9 in Axes
  3991 | D:5      | Reached XP level 7. HP: 57/57 MP: 6/6
  4046 | D:5      | Reached skill level 10 in Axes
  4247 | D:5      | Reached skill level 11 in Axes
  4255 | D:5      | Reached XP level 8. HP: 27/64 MP: 7/7
  4589 | D:5      | Found a staircase to the Ecumenical Temple.
  4603 | Temple   | Entered the Ecumenical Temple
  4610 | Temple   | Became a worshipper of Warmaster Okawaru
  4724 | D:6      | Reached skill level 12 in Axes
  5045 | D:6      | Reached * piety under Okawaru
  5067 | D:6      | Reached skill level 13 in Axes
  5269 | D:6      | Found a white marble altar of Elyvilon.
  5402 | D:6      | Found a sparkling altar of Nemelex Xobeh.
  5402 | D:6      | Found an opulent altar of Gozag.
  6436 | D:8      | Reached skill level 14 in Axes
  6436 | D:8      | Reached XP level 9. HP: 70/70 MP: 8/8
  6442 | D:8      | Reached ** piety under Okawaru
  6553 | D:8      | Reached skill level 15 in Axes
  6556 | D:8      | HP: 2/70 [centaur (2)]
  6719 | D:8      | Slain by a wyvern

Illustrated notes

Levels and vault maps discovered:
D:1:      lemuel_arrival_room, layout_loops_ring,
          hellmonk_ecumenical_altar_run_dry, solitary_fountain,
          dreamdust_princess_bridge, hangedman_decor_points,
          lexackson_kobold_supper
D:2:      layout_basic, basic_altar, kennysheep_pointless_box, uniq_robin
D:3:      layout_basic, serial_shops, shop, gammafunk_ghost_split,
          minmay_liquid_box
D:4:      layout_basic, reono_crystal_passage
D:5:      layout_rooms, minmay_temple_entry_grid, eino_tiny_chamber,
          amcnicky_mini_corridor_feature, minmay_fractal_squares_5, uniq_edmund
D:6:      layout_basic, grunt_temple_overflow_opulence, elyvilon_altar_5
D:7:      layout_cave_pools
D:8:      nicolae_hitomezashi [nicolae_hito_row, nicolae_hito_row,
          nicolae_hito_row, nicolae_hito_row, nicolae_hito_row,
          nicolae_hito_row, nicolae_hito_row, nicolae_hito_row,
          nicolae_hito_row, nicolae_hito_row, nicolae_hito_row,
          nicolae_hito_row, nicolae_hito_row, nicolae_hito_row,
          nicolae_hito_row, nicolae_hito_row, nicolae_hito_row,
          nicolae_hito_row], layout_loops_ring, enter_bailey_3, serial_shops,
          nicolae_lakefront_shop
Temple:   nicolae_temple_no_exploring_needed

Skill      XL: |  1  2  3  4  5  6  7  8  9 |
---------------+----------------------------+-----
Axes           | 3 4 5 7 9 11 14 15 | 15.4
Fighting       | |  3.6
Armour         | |  3.6
Shields        | |  3.6

Action                     |  1- 3 |  4- 6 |  7- 9 || total
---------------------------+-------+-------+-------++-------
  Melee: War axe           |    75 |   118 |   249 ||   442
         Headbutt          |     7 |    21 |    53 ||    81
  Throw: Dart              |       |     2 |       ||     2
    Use: Potion            |       |       |     1 ||     1
 Armour: Scale mail        |    38 |    32 |       ||    70
         Chain mail        |       |     5 |    56 ||    61
         Plate armour      |       |       |   110 ||   110
  Dodge: Dodged            |    59 |    43 |    61 ||   163
  Block: Buckler           |    11 |       |       ||    11
         Kite shield       |     8 |    42 |   102 ||   152

Table legend: (Time is in decaauts)
 A = Elapsed time spent in this place.
 B = Non-inter-level travel time spent in this place.
 C = Inter-level travel time spent in this place.
 D = Time resting spent in this place.
 E = Time spent auto-exploring this place.
 F = Levels seen in this place.
 G = Mean time per level.
                   A        B        C        D        E       F      G
               +--------+--------+--------+--------+--------+-----+--------+
         Total |   6796 |   6639 |    157 |   1145 |   2167 |   9 |  755.1 |
       Dungeon |   6781 |   6630 |    151 |   1145 |   2167 |   8 |  847.6 |
        Temple |     14 |      8 |      6 |      0 |      0 |   1 |   14.0 |
               +--------+--------+--------+--------+--------+-----+--------+

Top non-repeatable levels by time:
     D:5: 1217 daAuts
     D:1: 1053 daAuts
     D:3: 1053 daAuts
     D:6: 1026 daAuts
     D:2: 833 daAuts
     D:4: 758 daAuts
     D:7: 525 daAuts
     D:8: 314 daAuts
  Temple: 14 daAuts
